 Dungeon Crawl Stone Soup version 0.29.1-15-g9cfb28693d (webtiles) character file.

Game seed: 6240610318139610400

65 croobank the Firebug (level 3, -1/25 HPs)
             Began as a Demonspawn Fire Elementalist on Apr 6, 2023.
             Slain by a river rat (7 damage)
             ... on level 3 of the Dungeon.
             The game lasted 00:06:28 (2875 turns).

croobank the Firebug (Demonspawn Fire Elementalist) Turns: 2875, Time: 00:06:29

Health: -1/25      AC:  3    Str:  8    XL:     3   Next: 92%
Magic:  6/6        EV: 12    Int: 18    God:
Gold:   86         SH:  0    Dex: 13    Spells: 4/7 levels left

rFire   + . .      SeeInvis .   a - +0 short sword
rCold   + . .      Faith    .   (no shield)
rNeg    . . .      Spirit   .   j - +0 robe
rPois   .          Reflect  .   (no helmet)
rElec   .          Harm     .   k - +0 cloak
rCorr   .          Rampage  .   (no gloves)
Will    .....                   (no boots)
Stlth   ++........              (no amulet)
HPRegen 0.08/turn               n - ring of protection from fire
MPRegen 0.10/turn               o - ring of protection from cold

@: no status effects
A: powered by pain 1
a: no special abilities


You were on level 3 of the Dungeon.
You visited 1 branch of the dungeon, and saw 3 of its levels.

You collected 86 gold pieces.

Inventory:

Hand Weapons
 a - a +0 short sword (weapon)
 f - a +0 morningstar
 h - a +0 long sword
Missiles
 l - 7 poisoned darts (quivered)
Armour
 j - a +0 robe (worn)
 k - a +0 cloak (worn)
Jewellery
 n - a ring of protection from fire (left hand)
 o - a ring of protection from cold (right hand)
Wands
 g - a wand of charming (4)
Scrolls
 c - a scroll of blinking
 q - a scroll of identify {unknown}
Potions
 b - 3 potions of magic
 d - a potion of degeneration {unknown}
 e - a potion of berserk rage {unknown}
 i - 3 potions of curing {unknown}
 m - a potion of mutation {unknown}
 p - a potion of cancellation {unknown}


   Skills:
 + Level 0.4 Fighting
 + Level 2.2 Dodging
 + Level 2.3 Stealth
 + Level 2.5 Spellcasting
 + Level 1.8 Conjurations
 + Level 3.1 Fire Magic


You had 4 spell levels left.
You knew the following spells:

 Your Spells              Type           Power      Damage    Failure   Level
a - Foxfire               Conj/Fire      44%        2x1d6     6%          1
b - Scorch                Fire           26%        2d6       8%          2

Your spell library contained the following spells:

 Spells                   Type           Power      Damage    Failure   Level
 Necrotise                Necr           8%         1d4       17%         1
 Static Discharge         Conj/Air       5%         3-4/arc   19%         2
 Conjure Flame            Conj/Fire      11%        6-21      19%         3
 Blink                    Tloc           4%         N/A       26%         2
 Inner Flame              Hex/Fire       7%         N/A       26%         3
 Vampiric Draining        Necr           2%         2d6       45%         3
 Flame Wave               Conj/Fire      11%        2d6       52%         4
 Lightning Bolt           Conj/Air       2%         1d14      97%         5
 Agony                    Necr           2%         N/A       99%         5
 Manifold Assault         Tloc           2%         N/A       99%         5
 Storm Form               Tmut/Air       1%         N/A       100%        7
 Maxwell's Capacitive Co  Air            1%         ∞         100%        8


Dungeon Overview and Level Annotations

Branches:
Dungeon (3/15)

Altars:

Portals:
Sewer: D:3

Annotations:
D:2 1 runed translucent door, Crazy Yiuf


Innate Abilities, Weirdness & Mutations

You sometimes gain a little power by taking damage.


Message History

Confirm with . or Enter, or press ? or * to list all spells.
You conjure some foxfire!
The river rat bites you.
You hit the river rat.
The river rat is heavily wounded.
The foxfire hits the river rat.
The river rat is severely wounded.
The foxfire hits the river rat but does no damage.
The river rat is severely wounded.
The river rat bites you but does no damage.
You hit the river rat but do no damage.
The river rat is severely wounded.
The river rat misses you.
Casting: Foxfire (safe; 6% risk of failure)
Confirm with . or Enter, or press ? or * to list all spells.
You conjure some foxfire!
The river rat closely misses you.
You hit the river rat but do no damage.
The river rat is severely wounded.
The foxfire hits the river rat but does no damage.
The river rat is severely wounded.
The foxfire hits the river rat but does no damage.
The river rat is severely wounded.
The river rat bites you.
You barely miss the river rat.
The river rat is severely wounded.
The river rat barely misses you.
You hit the river rat but do no damage.
The river rat is severely wounded.
The river rat bites you.
You hit the river rat but do no damage.
The river rat is severely wounded.
The river rat closely misses you.
You barely miss the river rat.
The river rat is severely wounded.
The river rat bites you but does no damage.
The river rat bites you!
* * * LOW HITPOINT WARNING * * *
Magic courses through your body.
You hear the slow rusting of a drain.
The river rat bites you!
You die...

#.# #.# .......
.# ###.# #.#
.~~~... #.#
#...# #.#
~~~~~.. #.#
#.### #.#
~~∩~~.. #.# #.#
#.# ~~~~~.. #.#
#)# #.#
.~~~...##.####.#
#..
.......r#.#....#
##.
....†..@....####
. ####.......##
. ######>.# .
####


You could see a river rat.

Vanquished Creatures
  2 adders
  A worm (D:2)
  3 dart slugs
  An orc (D:3)
  4 bats
  2 endoplasms
  4 giant cockroaches
  2 goblins
  4 hobgoblins
  2 kobolds (D:1)
  3 ball pythons
  2 frilled lizards (D:1)
  7 rats
37 creatures vanquished.

Vanquished Creatures (others)
  75 foxfires
75 creatures vanquished.

Grand Total: 112 creatures vanquished

Notes
Turn   | Place    | Note
-------+----------+-------------------------------------------
     0 | D:1      | croobank the Demonspawn Fire Elementalist began the quest
                  | for the Orb.
     0 | D:1      | Reached XP level 1. HP: 13/13 MP: 3/3
    35 | D:1      | Found a faded altar of an unknown god.
   447 | D:1      | Gained mutation: You sometimes gain a little power by
                  | taking damage. [demonic ancestry]
   447 | D:1      | Reached XP level 2. HP: 19/19 MP: 1/5
   450 | D:1      | Learned a level 2 spell: Scorch
  2015 | D:2      | Reached XP level 3. HP: 24/24 MP: 2/6
  2037 | D:2      | Reached skill level 3 in Fire Magic
  2283 | D:2      | Found a runed translucent door.
  2284 | D:2      | Noticed Crazy Yiuf
  2855 | D:3      | Found a glowing drain.
  2875 | D:3      | Slain by a river rat

Illustrated notes

Levels and vault maps discovered:
D:1:      psy_arrival_dodecagon, layout_basic, basic_ecumenical_altar,
          minmay_misc_feat_hallway, chequers_serial_rivers_marsh
D:2:      kennysheep_big_flooded_room, layout_loops_ring,
          minmay_misc_feat_roman, uniq_crazy_yiuf_cottage
D:3:      layout_basic, lemuel_crystal_altar, portal_sewer_entry_a,
          minmay_misc_feat_rugged, uniq_jessica, uniq_ijyb

Skill      XL: |  1  2  3 |
---------------+----------+-----
Stealth        | 2 |  2.3
Dodging        | 2 |  2.2
Fire Magic     | 3 |  3.1
Fighting       | |  0.4
Spellcasting   | |  2.5
Conjurations   | |  1.8

Action                   || total
-------------------------++-------
Melee: Unarmed           ||     3
       Club              ||     1
       Short sword       ||    30
 Cast: Foxfire           ||    47
       Scorch            ||    15
  Use: Scroll            ||     5
       Potion            ||     1
 Stab: Sleeping          ||     1
Armor: Robe              ||     9
Dodge: Dodged            ||    21
